 Dungeon Crawl Stone Soup version 0.28.0-1-gb440e238dd (webtiles) character file.

Game seed: 2410978300137826803

9072 issech the Basher (level 11, -1/94 HPs)
             Began as a Troll Monk on Feb 27, 2022.
             Was an Elder of Hepliaklqana.
             Slain by a centaur warrior (6 damage)
             ... on level 10 of the Dungeon.
             The game lasted 00:40:31 (9063 turns).

issech the Basher (Troll Monk)                      Turns: 9063, Time: 00:40:31

Health: -1/94      AC: 11    Str: 25    XL:     11   Next: 18%
Magic:  10/10      EV: 16    Int:  9    God:    Hepliaklqana [****..]
Gold:   483        SH:  0    Dex: 29    Spells: 10/10 levels left

rFire   x . .      SeeInvis +   r - +10 mace of Defiance {freeze, rF- rN++ Str-4 Int+3 Dex+9}
rCold   . . .      Faith    .   (no shield)
rNeg    + + .      Spirit   .   V - +1 acid dragon scales
rPois   .          Reflect  .   a - +0 hat "Jaugabe" {Rampage rCorr Str+6 Stlth+}
rElec   +          Harm     .   m - +1 cloak of Heresy {rElec Will+ SInv}
rCorr   +          Rampage  +   (gloves unavailable)
Will    +....                   (boots unavailable)
Stlth   ++++......              (no amulet)
HPRegen 1.05/turn               G - +6 ring of dexterity
MPRegen 0.12/turn               y - ring of flight

@: flying
A: reduced essence, large, unfitting armour, claws 3, regeneration 1, shaggy fur
1, tough skin 1
a: Renounce Religion, Recall Ancestor, Ancestor Identity, Transference, Idealise


You were on level 10 of the Dungeon.
You worshipped Hepliaklqana.
Hepliaklqana was greatly pleased with you.
You visited 2 branches of the dungeon, and saw 11 of its levels.

You collected 483 gold pieces.

Inventory:

Hand Weapons
 d - a +4 dagger of pain
 n - a +0 flail
 r - the +10 mace of Defiance (weapon) {freeze, rF- rN++ Str-4 Int+3 Dex+9}
   (You found it on level 3 of the Dungeon)

   It freezes those it strikes, dealing additional cold damage.
   It can also slow down cold-blooded creatures.
   Str:       It affects your strength (-4).
   Int:       It affects your intelligence (+3).
   Dex:       It affects your dexterity (+9).
   rF:        It makes you vulnerable to fire.
   rN:        It greatly protects you from negative energy.
 u - a +0 hunting sling
 w - a +2 spear of venom
 x - a +3 long sword
 D - a +3 quarterstaff of chaos
 E - a +4 falchion of freezing
 I - a +3 scimitar
 J - a +1 giant spiked club
 N - a +0 shortbow
 T - a +3 spear of freezing
 U - a +4 morningstar of draining
 Y - a +2 vorpal falchion
 Z - a +2 dagger of speed
Missiles
 c - 240 stones (quivered)
 e - 5 throwing nets
 h - 155 arrows
 A - 42 bolts
 L - a curare-tipped dart
 O - 6 boomerangs
 P - 57 sling bullets
Armour
 a - the +0 hat "Jaugabe" (worn) {Rampage rCorr Str+6 Stlth+}
   (You acquired it on level 8 of the Dungeon)

   Str:       It affects your strength (+6).
   rCorr:     It protects you from acid and corrosion.
   Rampage:   It bestows one free step when moving towards enemies.
   Stlth:     It makes you more stealthy.
 b - a +0 robe
 m - the +1 cloak of Heresy (worn) {rElec Will+ SInv}
   (You found it on level 3 of the Dungeon)

   rElec:     It insulates you from electricity.
   SInv:      It lets you see invisible.
   Will:      It increases your willpower.
 V - +1 acid dragon scales (worn)
Jewellery
 l - a ring of resist corrosion
 y - a ring of flight (right claw)
 G - a +6 ring of dexterity (left claw)
 K - a ring of resist corrosion
Wands
 F - a wand of acid (8)
 M - a wand of digging (15)
 R - a wand of flame (32)
 S - a wand of mindburst (6)
Scrolls
 g - 5 scrolls of immolation
 j - a scroll of holy word
 k - 3 scrolls of enchant armour
 s - 2 scrolls of noise
 t - 2 scrolls of fear
 v - 4 scrolls of amnesia
 B - 2 scrolls of teleportation
Potions
 f - 3 potions of cancellation {unknown}
 i - 6 potions of curing {unknown}
 o - a potion of experience {unknown}
 p - a potion of mutation {unknown}
 q - 3 potions of heal wounds {unknown}
 z - a potion of berserk rage {unknown}
 C - 3 potions of degeneration {unknown}
 H - 2 potions of flight {unknown}
 Q - a potion of brilliance {unknown}
 W - 4 potions of might {unknown}
 X - 2 potions of ambrosia {unknown}


   Skills:
 + Level 6.2 Fighting
 + Level 10.9 Maces & Flails
 + Level 1.8 Armour
 + Level 7.1 Dodging
 + Level 5.0 Stealth


You had 10 spell levels left.
You didn't know any spells.
Your spell library contained the following spells:

 Spells                   Type           Power      Damage    Failure   Level
 Apportation              Tloc           0%         N/A       45%         1
 Magic Dart               Conj           0%         1d3       45%         1
 Searing Ray              Conj           0%         2d4       58%         2
 Fulminant Prism          Conj/Hex       0%         3d6       99%         4
 Alistair's Intoxication  Tmut/Pois      0%         N/A       100%        5


Dungeon Overview and Level Annotations

Branches:
Dungeon (10/15)            Temple (1/1) D:6            Lair (0/6) D:10
    Orc: D:9-12

Altars:
Ashenzari
Cheibriados
Dithmenos
Elyvilon
Fedhas
Gozag
Hepliaklqana
Kikubaaqudgha
Makhleb
Nemelex Xobeh
Okawaru
Qazlal
Ru
Sif Muna
Trog
Uskayaw
Vehumet
Wu Jian
Xom
Yredelemnul
Zin
The Shining One

Shops:
D:4 !!

Annotations:
D:7 2 transporters
D:10 1 runed translucent door


Innate Abilities, Weirdness & Mutations

Your life essence is reduced to manifest your ancestor. (-10% HP)
You are too large for most types of armour.
You have claws for hands.
Your natural rate of healing is unusually fast.
You are covered in fur. (AC +1)
You have tough skin. (AC +1)


Message History

The centaur warrior kicks you.
You hit the centaur warrior but do no damage.
The centaur warrior hits you!
The centaur warrior kicks you but does no damage.
Titus points at the centaur warrior and mumbles some strange words.
The puff of frost hits the orc warrior.
The orc warrior hits you with a +0 battleaxe!
* * * LOW HITPOINT WARNING * * *
The orc warrior barely misses Titus.
You hit the centaur warrior. You freeze the centaur warrior.
The centaur warrior is lightly wounded.
The centaur warrior zombie hits you.
* * * LOW HITPOINT WARNING * * *
The centaur warrior zombie barely misses you.
The centaur warrior hits you.
* * * LOW HITPOINT WARNING * * *
The centaur warrior kicks you but does no damage.
Titus hits the orc warrior with a +0 quarterstaff.
You thump the centaur warrior! You freeze the centaur warrior.
The centaur warrior is moderately wounded.
The centaur warrior hits you!
* * * LOW HITPOINT WARNING * * *
The centaur warrior kicks you but does no damage.
The orc warrior closely misses Titus.
The orc warrior hits you but does no damage.
The centaur warrior zombie hits you.
* * * LOW HITPOINT WARNING * * *
The centaur warrior zombie kicks you but does no damage.
Okay, then.
Okay, then.
You closely miss the centaur warrior.
The centaur warrior is moderately wounded.
The centaur warrior hits you but does no damage.
The centaur warrior kicks you but does no damage.
Titus hits the orc warrior with a +0 quarterstaff!
The centaur warrior zombie hits you but does no damage.
The centaur warrior zombie kicks you but does no damage.
The orc warrior hits Titus with a +0 battleaxe!
The orc warrior barely misses you. The centaur warrior hits you.
You die...

#.##....)))..#
#.##.#.#)#)#.##.#
...###.#.#.###Y..
...##..#.#.. #.#
#+#.##.#.#.## ...
#e#.##.#.#.####.###
#u##.###.### .....
...#.##...#####Z#####
...##.##.##...Ro@c..#
...?#.##.##.###[###.#
###### ##..## ### #.
########################...
.........................#
.#####...#.............##..
.........#####.####.####
...##....# #.# #<#
.........#####.# #........


You could see the friendly Titus the battlemage, a centaur warrior, a yak
(asleep), an orc warrior (ally target) and a centaur warrior zombie.

Vanquished Creatures
  2 two-headed ogres (D:10)
  A wizard (D:10)
  Joseph (D:9)
  An unseen horror (D:10)
  A komodo dragon (D:10)
  A troll (D:6)
  Grinder (D:6)
  The ghost of mortz the Conjurer, an amateur OpCj (D:4)
  2 wyverns
  A water moccasin (D:7)
  An acid dragon (D:10)
  A black bear (D:5)
  3 orc warriors
  4 sky beasts
  An ice beast (D:8)
  An ogre (D:5)
  A necrophage (D:5)
  A centaur (D:7)
  A phantom (D:4)
  2 bullfrogs
  9 scorpions
  4 wights
  2 quasits (D:4)
  3 bullfrog zombies
  6 hounds
  Crazy Yiuf (D:5)
  A bullfrog skeleton (D:6)
  6 orc priests
  A centaur skeleton (D:5)
  A gnoll shaman (D:10)
  3 iguanas
  Natasha (twice) (D:3)
  7 orc wizards
  2 killer bee zombies (D:7)
  A hound skeleton (D:4)
  19 gnolls
  6 adders
  An ufetubus (D:5)
  2 dart slugs (D:2)
  24 orcs
  7 ball pythons
  5 endoplasms
  3 giant cockroaches
  5 goblins
  8 hobgoblins
  5 jackals
  11 kobolds
  5 quokkas
  14 bats
  5 frilled lizards
  2 rats
199 creatures vanquished.

Vanquished Creatures (collateral kills)
  Harold (D:8)
  A two-headed ogre (D:7)
  Maggie (D:9)
  A shadow (D:7)
  A hornet zombie (D:6)
  An orc warrior (D:7)
  An ogre (D:6)
  A necrophage (D:7)
  A kobold brigand (D:6)
  A bullfrog zombie (D:7)
  2 centaur zombies
  A centaur skeleton (D:7)
  An iguana (D:7)
  An orc wizard (D:8)
  A gnoll (D:10)
  5 orcs
21 creatures vanquished.

Vanquished Creatures (others)
  A battlemage (D:6)
  21 fungi (D:5)
  42 plants (D:10)
64 creatures vanquished.

Grand Total: 284 creatures vanquished

Notes
Turn   | Place    | Note
-------+----------+-------------------------------------------
     0 | D:1      | issech the Troll Monk began the quest for the Orb.
     0 | D:1      | Reached XP level 1. HP: 22/22 MP: 0/0
    88 | D:1      | Reached XP level 2. HP: 20/29 MP: 1/1
   202 | D:1      | Reached skill level 3 in Maces & Flails
   397 | D:1      | Reached XP level 3. HP: 32/36 MP: 2/2
  1357 | D:2      | Reached XP level 4. HP: 44/44 MP: 3/3
  1576 | D:3      | Identified the +1 cloak of Heresy {rElec Will+ SInv}
  1857 | D:3      | Identified the +10 mace of Defiance {freeze, rF- rN++ Str-4
                  | Int+3 Dex+9}
  1953 | D:3      | Noticed Natasha
  1959 | D:3      | Killed Natasha
  1960 | D:3      | Reached XP level 5. HP: 53/53 MP: 4/4
  1961 | D:3      | Reached skill level 4 in Maces & Flails
  1968 | D:3      | Found a stormy altar of Qazlal.
  2036 | D:3      | Noticed Natasha
  2046 | D:3      | Killed Natasha
  2268 | D:4      | Found a transporter.
  2274 | D:4      | Noticed mortz's ghost (amateur OpCj)
  2302 | D:4      | Reached XP level 6. HP: 60/61 MP: 5/5
  2317 | D:4      | Found Yrpheacka's Distillery.
  2473 | D:4      | Reached skill level 5 in Maces & Flails
  2529 | D:4      | Found a shadowy altar of Dithmenos.
  2596 | D:4      | Found a transporter.
  2732 | D:4      | Reached XP level 7. HP: 65/67 MP: 6/6
  2749 | D:4      | Found Minko's Distillery.
  3187 | D:4      | Found a white marble altar of Elyvilon.
  3228 | D:5      | Entered Level 5 of the Dungeon
  3280 | D:5      | Reached skill level 6 in Maces & Flails
  3431 | D:5      | Found an ancient bone altar of Kikubaaqudgha.
  3476 | D:5      | Found a snail-covered altar of Cheibriados.
  3593 | D:5      | Found a runed translucent door.
  3594 | D:5      | Noticed Crazy Yiuf
  3668 | D:5      | Reached XP level 8. HP: 65/78 MP: 7/7
  4009 | D:5      | Reached skill level 5 in Dodging
  4011 | D:5      | Reached skill level 7 in Maces & Flails
  4138 | D:5      | Killed Crazy Yiuf
  4306 | D:4      | Killed mortz's ghost
  4422 | D:6      | Noticed Grinder
  4442 | D:6      | Killed Grinder
  4482 | D:6      | Reached XP level 9. HP: 84/85 MP: 8/8
  4622 | D:6      | Found a staircase to the Ecumenical Temple.
  4631 | Temple   | Entered the Ecumenical Temple
  4647 | Temple   | Became a worshipper of Hepliaklqana the Forgotten
  4647 | Temple   | Reached * piety under Hepliaklqana
  4647 | Temple   | Reached ** piety under Hepliaklqana
  4648 | Temple   | Remembered your ancestor Titus as a battlemage
  4814 | D:6      | Noticed a troll
  4823 | D:6      | Reached skill level 8 in Maces & Flails
  4825 | D:6      | Killed a troll
  4881 | D:6      | Reached skill level 5 in Fighting
  5403 | D:7      | Found a transporter.
  5407 | D:7      | Found a transporter.
  5894 | D:7      | Noticed a two-headed ogre
  5900 | D:7      | Killed a two-headed ogre
  5901 | D:7      | Reached skill level 9 in Maces & Flails
  5901 | D:7      | Reached XP level 10. HP: 55/86 MP: 9/9
  5926 | D:7      | Identified the +4 chain mail of Henotheism {Dex+2}
  6287 | D:7      | Reached *** piety under Hepliaklqana
  6793 | D:8      | Identified a scroll of acquirement
  6795 | D:8      | Acquired the +0 hat "Jaugabe" {Rampage rCorr Str+6 Stlth+}
  6889 | D:8      | Noticed Harold
  6912 | D:8      | Killed Harold
  6913 | D:8      | Reached skill level 10 in Maces & Flails
  7798 | D:9      | Noticed Maggie
  7802 | D:9      | Killed Maggie
  8119 | D:9      | Reached **** piety under Hepliaklqana
  8191 | D:9      | Noticed Joseph
  8200 | D:9      | Killed Joseph
  8331 | D:9      | Found a bloodstained altar of Trog.
  8332 | D:9      | Found a glowing golden altar of the Shining One.
  8332 | D:9      | Found a burning altar of Makhleb.
  8549 | D:10     | Entered Level 10 of the Dungeon
  8584 | D:10     | Found a staircase to the Lair.
  8825 | D:10     | Noticed a deep elf pyromancer
  8941 | D:10     | Noticed a white ugly thing
  8943 | D:10     | Found a runed translucent door.
  8950 | D:10     | Noticed a wizard
  8955 | D:10     | Killed a wizard
  8997 | D:10     | Noticed a two-headed ogre
  8997 | D:10     | Noticed a two-headed ogre
  9003 | D:10     | Reached skill level 1 in Armour
  9005 | D:10     | Killed a two-headed ogre
  9006 | D:10     | Reached XP level 11. HP: 94/94 MP: 10/10
  9012 | D:10     | Killed a two-headed ogre
  9019 | D:10     | Reached skill level 5 in Stealth
  9055 | D:10     | Noticed a centaur warrior
  9062 | D:10     | HP: 4/94 [centaur warrior zombie (4)]
  9063 | D:10     | Slain by a centaur warrior

Illustrated notes

Levels and vault maps discovered:
D:1:      nagdon_arrival_zigzag_paths, layout_loops_ring
D:2:      layout_loops_cross, hangedman_decor_clover_reticule, minmay_quantized
D:3:      layout_rooms, mainiacjoe_overflow_surrounded_room, minmay_surrounded,
          uniq_natasha
D:4:      layout_loops_ring, overflow_temple_1_default, lemuel_round_altar,
          gammafunk_ghost_stat_death, serial_shops, shop,
          nicolae_shop_behind_doors
D:5:      old_forge, layout_gridville, mainiacjoe_overflow_catch_the_wave,
          uniq_crazy_yiuf_cottage
D:6:      layout_basic, temple_hall, uniq_grinder
D:7:      gammafunk_steamed_eel, layout_gridville
D:8:      layout_basic, uniq_harold
D:9:      layout_loops_ring, grunt_temple_overflow_open, uniq_maggie,
          uniq_joseph
D:10:     minmay_the_grid_triangle_9x9_rhombus_full
          [minmay_the_grid_triangle_9x9_intruding_spiral,
          minmay_the_grid_triangle_9x9_windchime,
          minmay_the_grid_triangle_9x9_subtriangle,
          minmay_the_grid_triangle_9x9_from_above,
          minmay_the_grid_triangle_9x9_skeleton,
          minmay_the_grid_triangle_9x9_sprig,
          minmay_the_grid_triangle_9x9_pentomino_pain,
          minmay_the_grid_triangle_9x9_prize_schism], layout_loops_ring,
          david_lair_shrubbed
Temple:   zaba_magenta_temple

Skill      XL: |  1  2  3  4  5  6  7  8  9 10 11 |
---------------+----------------------------------+-----
Maces & Flails | 3 4 5 6 7 9 10 | 10.9
Dodging        | 3 4 5 6 7 |  7.1
Fighting       | 3 4 5 6 |  6.2
Stealth        | 2 3 4 5 |  5.0
Armour         | 1 |  1.8

Action                   |  1- 3 |  4- 6 |  7- 9 | 10-12 || total
-------------------------+-------+-------+-------+-------++-------
Melee: Mace              |   131 |    99 |   250 |   276 ||   756
       Punch             |     1 |     1 |     7 |     3 ||    12
       Flail             |       |    43 |       |       ||    43
Throw: Stone             |       |       |       |     1 ||     1
Invok: Ancestor Life: Ba |       |       |     1 |       ||     1
       Recall Ancestor   |       |       |       |     1 ||     1
  Use: Scroll            |       |     3 |     1 |     6 ||    10
 Stab: Sleeping          |     5 |     1 |     6 |     6 ||    18
       Distracted        |       |     1 |     2 |     6 ||     9
Armor: Robe              |    57 |    49 |    80 |    10 ||   196
       Acid dragon scale |       |       |       |    19 ||    19
Dodge: Dodged            |    81 |   105 |   172 |    63 ||   421
